 Dungeon Crawl Stone Soup version 0.26-a0-854-gdc81c2f471 (webtiles) character file.

Game seed: 9634131309834719136

1964 Forecaster the Magician (level 9, -2/74 HPs)
             Began as a Naga Hedge Wizard on Nov 19, 2020.
             Was an Initiate of Sif Muna.
             Slain by Duvessa
             ... wielding a +2 short sword of speed
              (6 damage)
             ... on level 7 of the Dungeon on Nov 23, 2020.
             The game lasted 00:41:42 (7843 turns).

Forecaster the Magician (Naga Hedge Wizard)         Turns: 7843, Time: 00:41:43

Health: -2/74      AC:  5    Str: 15    XL:     9   Next: 19%
Magic:  18/20      EV: 11    Int: 18    God:    Sif Muna [......]
Gold:   363        SH:  0    Dex: 16    Spells: 16/23 levels left

rFire    + . .     SeeInvis +   u - staff of death
rCold    . . .     Faith    .   (no shield)
rNeg     + . .     Spirit   .   b - +0 robe
rPois    +         Reflect  .   c - +1 hat
rElec    .         Harm     .   (no cloak)
rCorr    .         Rampage  .   (no gloves)
MR       +....     Rnd*Rage +   (no barding)
Stlth    +++.......             t - amulet of magic regeneration
HPRegen  0.22/turn              d - +6 ring of dexterity
MPRegen  0.42/turn              y - +4 ring of slaying

@: very slow
A: large, see invisible, berserk 1, clever 1, deformed body, fire resistance 1,
poison resistance, slowness 2, spit poison 1, AC +3
a: Spit Poison, Renounce Religion


You were on level 7 of the Dungeon.
You worshipped Sif Muna.
Sif Muna was noncommittal.
You visited 2 branches of the dungeon, and saw 8 of its levels.

You collected 363 gold pieces.

Inventory:

Hand Weapons
 a - a +0 dagger
 i - a +0 dagger
 k - a +0 rapier
 n - a +2 dagger of protection
 w - a cursed -2 rapier
 z - a +0 whip of electrocution
 B - a +2 rapier of draining
Missiles
 h - 46 poisoned darts (quivered)
 l - 7 curare-tipped darts
Armour
 b - a +0 robe (worn)
 c - a +1 hat (worn)
Magical Staves
 u - an uncursed staff of death (weapon)
Jewellery
 d - a +6 ring of dexterity (left hand)
 e - an uncursed ring of protection from fire
 t - an amulet of magic regeneration (around neck)
 y - a +4 ring of slaying (right hand)
Wands
 j - a wand of flame (9)
Scrolls
 f - a scroll of identify
 g - 4 scrolls of teleportation
 o - a scroll of amnesia
 p - a scroll of blinking
 v - 3 scrolls of fear
 C - 3 scrolls of remove curse
Potions
 m - 3 potions of magic
 q - a potion of flight
 r - 2 potions of resistance
 s - a potion of attraction {unknown}
 A - a potion of haste {unknown}


   Skills:
 + Level 2.8 Fighting
 + Level 2.8 Short Blades
 + Level 2.7 Dodging
 + Level 5.5 Stealth
 + Level 7.7 Spellcasting
 + Level 2.4 Conjurations
 + Level 5.8 Summonings
 + Level 1.3 Translocations


You had 16 spell levels left.
You knew the following spells:

 Your Spells              Type           Power        Failure   Level
a - Magic Dart            Conj           ###.         3%          1
b - Call Imp              Summ           ####....     1%          2
c - Blink                 Tloc           N/A          9%          2
d - Slow                  Hex            #.......     16%         2

Your spell library contained the following spells:

 Spells                   Type           Power        Failure   Level
 Conjure Flame            Conj/Fire      ##......     19%         3
 Mephitic Cloud           Conj/Pois/Air  #.......     22%         3


Dungeon Overview and Level Annotations

Branches:
Dungeon (7/15)             Temple (1/1) D:6

Altars:
Ashenzari
Cheibriados
Dithmenos
Gozag
Hepliaklqana
Nemelex Xobeh
Ru
Sif Muna
Trog
Uskayaw
Yredelemnul
Zin

Shops:
D:6 *

Annotations:
D:7 Duvessa


Innate Abilities, Weirdness & Mutations

You cannot wear boots.
Your serpentine skin is tough. (AC +3)
You have supernaturally acute eyesight. (SInv)
Armour fits poorly on your strangely shaped body.
Your system is resistant to poisons. (rPois)
You cover ground very slowly.
You can spit poison.
You tend to lose your temper in combat.
Your mind is acute. (Int +2)
Your flesh is heat resistant. (rF+)


Message History

Duvessa hits your iron imp with a +2 short sword of speed!
Your iron imp dies!
Your crimson imp hits Duvessa but does no damage.
You hit Duvessa but do no damage.
Duvessa is severely wounded.
Duvessa hits you with a +2 short sword of speed!
* * * LOW HITPOINT WARNING * * *
Your crimson imp hits Duvessa.
Duvessa completely misses you.
Your crimson imp hits Duvessa but does no damage.
It was a potion of curing.
You feel better.
Duvessa hits you with a +2 short sword of speed.
* * * LOW HITPOINT WARNING * * *
Your crimson imp hits Duvessa but does no damage.
Casting: Call Imp (safe; 1% risk of failure)
Confirm with . or Enter, or press ? or * to list all spells.
A shadowy apparition takes form in the air.
Duvessa hits you with a +2 short sword of speed!
* * * LOW HITPOINT WARNING * * *
Duvessa hits you with a +2 short sword of speed.
You die...

# #. #####.###
......?.# #
#.# #.#5#
#.#.###
###..5e@#
......#)#.#
#####...#5#
#..##.####.#.#
#..........(..
##.###.######
#........#
#..#.###.# #.
#.# .#


You could see Duvessa (berserk), a friendly crimson imp (summoned) and a
friendly shadow imp (summoned).

Vanquished Creatures
  Grinder (D:6)
  A water moccasin (D:6)
  4 sky beasts
  3 ogres
  A lemure (D:5)
  A big kobold (D:4)
  A bullfrog (D:6)
  A scorpion (D:5)
  Dowan (D:7)
  An orc priest (D:5)
  A hound (D:4)
  An iguana (D:6)
  2 orc wizards
  4 worker ants
  A hound skeleton (D:4)
  7 adders
  2 gnolls (D:6)
  An orc (D:5)
  2 giant cockroaches
  5 goblins
  4 jackals (D:2)
  5 kobolds
  4 quokkas
  A ball python (D:2)
  5 bats
  4 rats
64 creatures vanquished.

Vanquished Creatures (collateral kills)
  Pikel (D:5)
  Eustachio (D:5)
  A water moccasin (D:6)
  A phantom (D:6)
  An ogre (D:4)
  2 centaurs (D:7)
  Blork the orc (D:6)
  A bullfrog zombie (D:6)
  A bullfrog skeleton (D:5)
  2 hounds
  3 orc wizards
  An orc priest (D:4)
  2 iguanas (D:4)
  2 worker ants
  Ijyb (D:5)
  A hound skeleton (D:4)
  3 gnolls
  An adder (D:6)
  A shadow imp (D:5)
  An adder zombie (D:5)
  A worm (D:5)
  A dart slug (D:2)
  11 orcs
  A bat (D:2)
  2 giant cockroaches (D:2)
  A goblin (D:1)
  12 jackals
  3 quokkas
  A ball python (D:5)
  A ball python skeleton (D:4)
  2 frilled lizards
  A kobold (D:3)
  A rat (D:2)
66 creatures vanquished.

Vanquished Creatures (others)
  4 plants (D:6)
4 creatures vanquished.

Grand Total: 134 creatures vanquished

Notes
Turn   | Place    | Note
-------+----------+-------------------------------------------
     0 | D:1      | Forecaster the Naga Hedge Wizard began the quest for the
                  | Orb.
     0 | D:1      | Reached XP level 1. HP: 15/15 MP: 4/4
   254 | D:1      | Reached XP level 2. HP: 20/22 MP: 3/6
   260 | D:1      | Learned a level 2 spell: Call Imp
   263 | D:1      | Learned a level 2 spell: Blink
  1067 | D:2      | Reached XP level 3. HP: 24/28 MP: 2/8
  1265 | D:2      | Reached skill level 4 in Spellcasting
  1464 | D:2      | Gained mutation: Your flesh is heat resistant. (rF+)
                  | [potion of mutation]
  1464 | D:2      | Gained mutation: You tend to lose your temper in combat.
                  | [potion of mutation]
  1464 | D:2      | Gained mutation: Your mind is acute. (Int +2) [potion of
                  | mutation]
  1464 | D:2      | HP: 1/28 [poisoned by an adder]
  1465 | D:2      | Reached XP level 4. HP: 2/36 MP: 3/10
  1471 | D:2      | HP: 1/36 [poisoned by an adder]
  2806 | D:4      | Reached skill level 1 in Fighting
  2806 | D:4      | Reached XP level 5. HP: 34/44 MP: 5/11
  2980 | D:4      | Noticed an ogre
  2993 | D:4      | Killed an ogre
  3039 | D:4      | Upgraded the game from 0.26-a0-845-gfacbca91cf to
                  | 0.26-a0-854-gdc81c2f471
  3042 | D:4      | Learned a level 2 spell: Slow
  3129 | D:4      | Reached XP level 6. HP: 51/51 MP: 7/13
  4062 | D:5      | Entered Level 5 of the Dungeon
  4099 | D:5      | Noticed a sky beast
  4111 | D:5      | Noticed Ijyb
  4146 | D:5      | Killed Ijyb
  4206 | D:5      | Reached skill level 5 in Spellcasting
  4212 | D:5      | Reached XP level 7. HP: 50/57 MP: 14/14
  4304 | D:5      | Found a bloodstained altar of Trog.
  4432 | D:5      | Noticed Eustachio
  4959 | D:5      | Found an opulent altar of Gozag.
  4983 | D:5      | Noticed Pikel
  5357 | D:5      | Killed Pikel
  5358 | D:5      | Reached skill level 1 in Short Blades
  5358 | D:5      | Reached skill level 6 in Spellcasting
  5358 | D:5      | Reached XP level 8. HP: 63/64 MP: 9/17
  5537 | D:5      | Killed Eustachio
  5794 | D:6      | Found Mutsos's Assorted Antiques.
  5798 | D:6      | Noticed Grinder
  5809 | D:6      | Paralysed by Grinder for 6 turns
  5837 | D:6      | Killed Grinder
  5838 | D:6      | Reached skill level 5 in Stealth
  6070 | D:6      | Reached skill level 5 in Summonings
  6200 | D:6      | Reached skill level 7 in Spellcasting
  6783 | D:6      | Reached XP level 9. HP: 74/74 MP: 17/20
  6823 | D:6      | Found a staircase to the Ecumenical Temple.
  6835 | Temple   | Entered the Ecumenical Temple
  6895 | Temple   | Became a worshipper of Sif Muna the Loreminder
  7161 | D:6      | Noticed Blork the orc
  7183 | D:6      | Killed Blork the orc
  7199 | D:6      | Found a snail-covered altar of Cheibriados.
  7795 | D:7      | Noticed Dowan
  7811 | D:7      | Noticed Duvessa
  7832 | D:7      | Killed Dowan
  7843 | D:7      | Slain by Duvessa

Illustrated notes

Levels and vault maps discovered:
D:1:      nicolae_arrival_washed_ashore, layout_loops_ring,
          kennysheep_crisscross
D:2:      layout_basic, cheibrodos_gnoll_hut
D:3:      layout_basic, chequers_ecumenical_altar_simple_redux,
          nemelex_xobeh_ov_fountains_minmay
D:4:      layout_basic
D:5:      layout_basic, basic_altar, nicolae_gozag_seed_capital, uniq_ijyb,
          uniq_pikel, uniq_eustachio
D:6:      layout_cave_pods, cheibriados_altar_1, minmay_temple_entry_overgrown,
          serial_shops, nicolae_shop_window_shopping, uniq_blork_the_orc,
          uniq_grinder
D:7:      layout_loops_ring, serial_shops, nicolae_shop_waterfront,
          uniq_duvessa, uniq_crazy_yiuf_cottage
Temple:   roderic_octagonal_lattice_temple

Skill      XL: |  1  2  3  4  5  6  7  8 |
---------------+-------------------------+-----
Spellcasting   | 4 5 6 7 |  7.7
Dodging        | 2 |  2.7
Fighting       | 1 2 |  2.8
Summonings     | 2 3 4 5 |  5.8
Stealth        | 4 5 |  5.5
Short Blades   | 1 2 |  2.8
Conjurations   | 2 |  2.4
Translocations | |  1.3

Action                   |  1- 3 |  4- 6 |  7- 9 || total
-------------------------+-------+-------+-------++-------
Melee: Dagger            |    54 |    46 |   136 ||   236
       Rapier            |       |       |    48 ||    48
       Staff             |       |       |    18 ||    18
 Cast: Magic Dart        |    43 |    28 |    35 ||   106
       Call Imp          |    11 |    57 |    86 ||   154
       Blink             |       |       |     4 ||     4
 Abil: Spit Poison       |     1 |       |     1 ||     2
  Use: Scroll            |     5 |     5 |     6 ||    16
       Potion            |     1 |     1 |     2 ||     4
 Stab: Distracted        |       |     3 |     5 ||     8
Armor: Robe              |    12 |    13 |    65 ||    90
       Skin              |       |       |     1 ||     1
Dodge: Dodged            |    52 |    31 |   128 ||   211

Table legend: (Time is in decaauts)
 A = Elapsed time spent in this place.
 B = Non-inter-level travel time spent in this place.
 C = Inter-level travel time spent in this place.
 D = Time resting spent in this place.
 E = Time spent auto-exploring this place.
 F = Levels seen in this place.
 G = Mean time per level.
                   A        B        C        D        E       F      G
               +--------+--------+--------+--------+--------+-----+--------+
         Total |   9319 |   9031 |    288 |    859 |   5974 |   8 | 1164.9 |
       Dungeon |   9181 |   8917 |    264 |    859 |   5896 |   7 | 1311.6 |
        Temple |    138 |    115 |     23 |      0 |     78 |   1 |  138.0 |
               +--------+--------+--------+--------+--------+-----+--------+

Top non-repeatable levels by time:
     D:5: 2018 daAuts
     D:6: 2016 daAuts
     D:2: 1701 daAuts
     D:4: 1636 daAuts
     D:1: 1267 daAuts
     D:7: 278 daAuts
     D:3: 262 daAuts
  Temple: 138 daAuts
